 Dungeon Crawl Stone Soup version 0.32-a0-40-g2adb59a (webtiles) character file.

Game seed: 11428002508056894901

35 Dorkslayer the Ruffian (level 3, -5/23 HPs)
             Began as an Octopode Shapeshifter on Jan 24, 2024.
             Slain by a ribbon worm (9 damage)
             ... on level 2 of the Dungeon.
             The game lasted 00:01:28 (901 turns).

Dorkslayer the Ruffian (Octopode Shapeshifter)       Turns: 901, Time: 00:01:29

Health: -5/23      AC:  1    Str: 15    XL:     3   Next: 33%
Magic:  3/3        EV: 13    Int: 12    God:
Gold:   41         SH:  0    Dex: 11    Spells: 2/2 levels left

rFire   . .          .
                       - Unarmed
rCold   . . .        (no shield)
rNeg    . . .        (helmet currently unavailable)
rPois   .            (no amulet)
rElec   .            (no ring)
rCorr   .            (no ring)
SInv    .            (no ring)
Will    .....        (no ring)
Stlth   ++           (no ring)
HPRegen 0.23/turn    (no ring)
MPRegen 0.08/turn    (no ring)
                     (no ring)

%: no passive effects
@: beast-form
A: beast (slay +1), almost no armour, amphibious, 8 rings, camouflage 1,
gelatinous body 1, (nimble swimmer 1), tentacles
a: Begin Untransformation


You were on level 2 of the Dungeon.
You were a hulking beast.
You visited 1 branch of the dungeon, and saw 2 of its levels.

You collected 41 gold pieces.

Inventory:

Talismans
 b - a beast talisman
 c - a flux talisman
Scrolls
 e - a scroll of brand weapon {unknown}
 f - 2 scrolls of noise {unknown}
 g - a scroll of fog {unknown}
 h - a scroll of revelation {unknown}
Potions
 a - a potion of lignification
 d - 2 potions of curing {unknown}


   Skills:
 + Level 1.2 Fighting
 + Level 2.0 Dodging
 * Level 3.9 Unarmed Combat
 + Level 3.3 Shapeshifting


You had 2 spell levels left.
You didn't know any spells.
Your spell library was empty.

Dungeon Overview and Level Annotations

Branches:
Dungeon (2/15)

Altars:


Innate Abilities, Weirdness & Mutations

You are a hulking beast.
Your limbs bulge with bestial killing power. (Slay +1)
You cannot wear most types of armour.
You are amphibious.
You can wear up to eight rings at the same time.
Your skin changes colour to match your surroundings (Stealth+).
Your rubbery body absorbs attacks. (AC +1, EV +1)
((You are camouflaged when in or above water. (Stealth+)))
You have tentacles for arms and can constrict up to eight enemies at once.


Message History

As you open the door, it creaks loudly!
There is an open door here.
You open the door.
There is an open door here.
There is an open door here.
There is an open door here.
There is an open door here.
There is an open door here.
You see here 7 stones.
You see here a +0 dagger.
A rat comes into view.
Found 8 gold pieces.
You closely miss the rat. You grab the rat. You constrict the rat.
The rat barely misses you.
You tentacle-slap the rat.
You kill the rat!
You see here a rat corpse.
You now have 41 gold pieces (gained 8).
Done exploring.
There is a stone staircase leading down here.
You climb downwards.
Found a war axe.
There is a stone staircase leading up here.
Found a ring mail.
The helpless ribbon worm fails to defend itself.
You tentacle-slap the ribbon worm. You grab the ribbon worm.
You squeeze the ribbon worm!
The ribbon worm is severely wounded.
You constrict the ribbon worm. The ribbon worm closely misses you.
You tentacle-slap the ribbon worm.
The ribbon worm is severely wounded.
You constrict the ribbon worm, but do no damage.
The ribbon worm bites you! The ribbon worm bites you.
You tentacle-slap the ribbon worm.
You kill the ribbon worm!
The ribbon worm bites you.
* * * LOW HITPOINT WARNING * * *
You see here a ribbon worm corpse.
The ribbon worm bites you!
You die...

#. #.# #.# #
#.[ #.##.##
#.#...###.#.)
#............
#.w<###.##
##h........
#†####.###
#.# #.# #.#
#.# #.# #.#
#.#


You could see a ribbon worm.

Vanquished Creatures
  A ribbon worm (D:2)
  4 ball pythons (D:1)
  2 bats (D:1)
  2 endoplasms (D:1)
  2 giant cockroaches (D:1)
  A goblin (D:1)
  3 hobgoblins (D:1)
  4 jackals (D:1)
  4 kobolds (D:1)
  A quokka (D:1)
  2 frilled lizards (D:1)
  A rat (D:1)
27 creatures vanquished.

Notes
Turn   | Place    | Note
-------+----------+-------------------------------------------
     0 | D:1      | Dorkslayer the Octopode Shapeshifter began the quest for
                  | the Orb.
     0 | D:1      | Reached XP level 1. HP: 13/13 MP: 1/1
   117 | D:1      | Reached XP level 2. HP: 18/18 MP: 2/2
   425 | D:1      | Reached XP level 3. HP: 23/23 MP: 3/3
   901 | D:2      | Slain by a ribbon worm

Illustrated notes

Levels and vault maps discovered:
D:1:      mainiacjoe_arrival_reflecting_pool, layout_basic
D:2:      layout_loops_ring, basic_altar, uniq_natasha, uniq_jessica

Action                     || total
---------------------------++-------
  Melee: Unarmed           ||    43
         Constrict         ||    17
         Tentacles         ||    15
         Punch             ||     1
   Stab: Sleeping          ||     5
 Armour: Skin              ||    17
  Dodge: Dodged            ||    24

Table legend: (Time is in decaauts)
 A = Elapsed time spent in this place.
 B = Non-inter-level travel time spent in this place.
 C = Inter-level travel time spent in this place.
 D = Time resting spent in this place.
 E = Time spent auto-exploring this place.
 F = Levels seen in this place.
 G = Mean time per level.
                   A        B        C        D        E       F      G
               +--------+--------+--------+--------+--------+-----+--------+
         Total |    897 |    897 |      0 |      0 |    606 |   2 |  448.5 |
       Dungeon |    897 |    897 |      0 |      0 |    606 |   2 |  448.5 |
               +--------+--------+--------+--------+--------+-----+--------+

Top non-repeatable levels by time:
     D:1: 892 daAuts
     D:2: 5 daAuts
